[Event "Titled Tuesday Blitz March 22 Late 2022"]
[White "Weber, Samuel"]
[Black "Indjic, Aleksandar"]
[WhiteFideId "12924008"]
[BlackFideId "911925"]
[WhiteElo "2215"]
[BlackElo "2616"]
[Result "0-1"]
[Round "02"]
[TimeControl "180+1"]
[Date "2022.03.22"]
[WhiteClock "0:01:12"]
[BlackClock "0:02:08"]

1. e4 c6 2. d4 d5 3. e5 c5 4. dxc5 e6 5. a3 Bxc5 6. b4 Be7 7. Bb2 a5 8. b5 Nd7 9. Nf3 f6 10. Bd3 Qc7 11. O-O fxe5 12. Nxe5 Nxe5 13. Qh5+ Nf7 14. Bxg7 Nf6 15. Qf3 Qe5 16. Nd2 Rg8 17. Rfe1 Qg5 18. Bxf6 Bxf6 19. Nb3 Bxa1 20. Nc5 Be5 21. b6 Ke7 22. Bxh7 Rg7 23. Bd3 Bd7 24. c4 Bc6 25. Qh3 Qf6 26. f4 Bd4+ 27. Kh1 Bxc5 28. f5 e5 0-1


[Site "https://www.chess.com"]

[Event "Titled Tuesday Blitz March 22 Late 2022"]
[White "Weetik, Vjacheslav"]
[Black "Janaszak, Dawid"]
[WhiteFideId "4153472"]
[BlackFideId "1119206"]
[WhiteElo "2469"]
[BlackElo "2199"]
[Result "1-0"]
[Round "02"]
[TimeControl "180+1"]
[Date "2022.03.22"]
[WhiteClock "0:00:04"]
[BlackClock "0:00:04"]

1. d4 Nf6 2. Nf3 g6 3. Bg5 Bg7 4. Nbd2 d6 5. e4 h6 6. Bh4 c5 7. dxc5 dxc5 8. Bc4 O-O 9. Qe2 Nh5 10. O-O-O Nc6 11. Qe3 Qb6 12. c3 Qc7 13. h3 a6 14. g4 Nf4 15. Bg3 e5 16. Qxc5 b6 17. Qe3 b5 18. Bd5 Be6 19. Bxe6 fxe6 20. Kb1 a5 21. Nb3 b4 22. Nc5 bxc3 23. Qxc3 Rfb8 24. Rd7 Qb6 25. Rxg7+ Kxg7 26. Bxf4 Rf8 27. Nxe5 Kh7 28. Ned7 Qb5 29. Nxf8+ Rxf8 30. Be3 e5 31. Rd1 Qe2 32. Rd7+ Kh8 33. a3 Rc8 34. Qd3 Qf3 35. Bxh6 Qf6 36. Bg7+ Qxg7 37. Rxg7 Kxg7 38. Qd7+ Kh6 39. Qxc8 Kg5 40. Qxc6 1-0


[Site "https://www.chess.com"]

[Event "Titled Tuesday Blitz March 22 Late 2022"]
[White "Wieczorek, Oskar"]
[Black "Tari, Aryan"]
[WhiteFideId "1133950"]
[BlackFideId "1510045"]
[WhiteElo "2319"]
[BlackElo "2567"]
[Result "0-1"]
[Round "02"]
[TimeControl "180+1"]
[Date "2022.03.22"]
[WhiteClock "0:00:01"]
[BlackClock "0:00:08"]

1. e4 c6 2. d4 d5 3. Nd2 dxe4 4. Nxe4 Nf6 5. Nxf6+ exf6 6. Be2 Bd6 7. Bf3 O-O 8. Ne2 Re8 9. O-O Nd7 10. c4 Nf8 11. c5 Bc7 12. Be3 Ng6 13. Nc3 Nh4 14. d5 cxd5 15. Nxd5 Be6 16. Nxc7 Qxc7 17. Be2 Nf5 18. b4 Nxe3 19. fxe3 a5 20. a3 Rad8 21. Qe1 Qe5 22. Qg3 Qb2 23. Bb5 Rf8 24. Rfb1 Qc2 25. Rc1 Qb2 26. Rcb1 Qc2 27. Bf1 Rd2 28. Rc1 Qb2 29. b5 Rc8 30. c6 bxc6 31. Rab1 Qxa3 32. b6 Rdd8 33. b7 Rb8 34. Rxc6 h5 35. Ba6 h4 36. Qf4 Qa2 37. Rbc1 h3 38. Qg3 Qd2 39. Qf2 Qd5 40. Rc8 hxg2 41. Rxd8+ Qxd8 42. Qxg2 Bd5 43. Qb2 Qd6 44. Rc8+ Kh7 45. Rxb8 Qxb8 46. Qb6 a4 47. Qc5 Be6 48. Qc8 Bxc8 49. bxc8=Q Qb1+ 50. Kg2 a3 51. Qd7 Qg6+ 0-1


[Site "https://www.chess.com"]

[Event "Titled Tuesday Blitz March 22 Late 2022"]
[White "Zhou, Qiyu"]
[Black "Seo, Jung Min"]
[WhiteFideId "505161"]
[BlackFideId "1734687"]
[WhiteElo "1925"]
[BlackElo "2401"]
[Result "0-1"]
[Round "02"]
[TimeControl "180+1"]
[Date "2022.03.22"]
[WhiteClock "0:01:52"]
[BlackClock "0:02:26"]

1. e4 c6 2. d4 d5 3. e5 Bf5 4. Nf3 e6 5. Be2 Nd7 6. O-O Ne7 7. Nbd2 h6 8. a4 a5 9. Nb3 Bh7 10. Be3 Nf5 11. Qd2 Nxe3 12. fxe3 Be7 13. Bd3 Bxd3 14. Qxd3 O-O 15. Nbd2 Qb6 16. e4 dxe4 17. Nxe4 c5 18. d5 c4+ 19. Qd4 Qxd4+ 20. Nxd4 exd5 21. Nf5 Rae8 22. Nc3 Bc5+ 23. Kh1 Rxe5 24. Rad1 Nb6 25. b3 h5 26. Nb5 g6 27. Ng3 h4 0-1


[Site "https://www.chess.com"]

[Event "Titled Tuesday Blitz March 22 Late 2022"]
[White "Zhurbinsky, David"]
[Black "Ladan, Nicholas"]
[WhiteFideId "2072904"]
[BlackFideId "30918855"]
[WhiteElo "2566"]
[BlackElo "2167"]
[Result "1-0"]
[Round "02"]
[TimeControl "180+1"]
[Date "2022.03.22"]
[WhiteClock "0:00:26"]
[BlackClock "0:00:05"]

1. e4 e5 2. Nf3 Nc6 3. Bb5 f5 4. d3 fxe4 5. dxe4 Nf6 6. O-O Bc5 7. Nc3 d6 8. Bg5 O-O 9. Nd5 Bg4 10. Bc4 Kh8 11. h3 Bh5 12. c3 Qd7 13. Bxf6 gxf6 14. Bb5 Qf7 15. Kh2 a6 16. Be2 Rg8 17. Nh4 Bg6 18. Bf3 f5 19. exf5 Bxf5 20. Nxf5 Qxf5 21. Nxc7 Raf8 22. Nd5 e4 23. Bg4 Qe5+ 24. Kh1 Rxf2 25. Rxf2 Bxf2 26. Qe2 e3 27. Rd1 Qg3 28. Nf6 Rf8 29. Ne4 Qe5 30. Nxd6 h5 31. Bxh5 Rf4 32. Nf7+ Rxf7 33. Bxf7 Kg7 34. Bh5 Qg5 35. Rd7+ Kh6 36. Rd6+ Kg7 37. Rg6+ Qxg6 38. Bxg6 Kxg6 39. g4 Ne5 40. Kg2 Kf6 41. h4 Ng6 42. g5+ Kf5 43. Qd3+ Kg4 44. Qxg6 Bxh4 45. Qe4+ Kxg5 46. Qxe3+ Kh5 47. Qb6 Bg5 48. Qxb7 a5 49. Qb5 a4 50. Qxa4 Kg6 51. Kf3 Kh6 52. Kg4 Bf6 53. Qc6 Kg7 54. Kf5 Be7 55. Qg6+ Kf8 56. Ke6 Bf6 57. Qf7# 1-0


[Site "https://www.chess.com"]

[Event "Titled Tuesday Blitz March 22 Late 2022"]
[White "Adewumi, Tanitoluwa"]
[Black "Atanejhad, Sahebali"]
[WhiteFideId "30966396"]
[BlackFideId "12506664"]
[WhiteElo "2532"]
[BlackElo "1977"]
[Result "1-0"]
[Round "03"]
[TimeControl "180+1"]
[Date "2022.03.22"]
[WhiteClock "0:00:08"]
[BlackClock "0:00:06"]

1. Nf3 Nf6 2. d4 c5 3. d5 e6 4. c4 b5 5. Bg5 exd5 6. cxd5 d6 7. e4 a6 8. a4 Be7 9. Bxf6 Bxf6 10. axb5 Bxb2 11. Ra2 Bf6 12. Bd3 O-O 13. O-O Bb7 14. Nbd2 axb5 15. Rxa8 Bxa8 16. Bxb5 Nd7 17. Qa4 Ne5 18. Nxe5 Bxe5 19. Nc4 Bd4 20. Bc6 Bxc6 21. Qxc6 f5 22. e5 dxe5 23. Qe6+ Kh8 24. d6 e4 25. Rb1 h6 26. Rb7 Qg5 27. g3 f4 28. Rf7 Rxf7 29. Qxf7 fxg3 30. Qe8+ Kh7 31. Qxe4+ Kh8 32. Qe8+ Kh7 33. Qe4+ Qg6 34. Qxg6+ Kxg6 35. hxg3 Kf7 36. d7 Ke7 37. Nb6 Bc3 38. Nd5+ Kxd7 39. Nxc3 Kd6 40. Kf1 Ke5 41. Ke2 Kd4 42. Kd2 c4 43. Ne2+ Ke4 44. Ng1 h5 45. Kc3 g5 46. Kxc4 h4 47. gxh4 gxh4 48. Kc3 h3 49. Nxh3 Kf3 50. Kd3 Kg2 51. Ke4 Kxh3 52. f4 Kh4 53. f5 Kh5 54. Ke5 Kh6 55. f6 Kh7 56. Ke6 Kg8 57. Ke7 1-0


[Site "https://www.chess.com"]

[Event "Titled Tuesday Blitz March 22 Late 2022"]
[White "Aldokhin, Ivan"]
[Black "Babazada, Khazar"]
[WhiteFideId "24115720"]
[BlackFideId "13413554"]
[WhiteElo "2556"]
[BlackElo "2853"]
[Result "0-1"]
[Round "03"]
[TimeControl "180+1"]
[Date "2022.03.22"]
[WhiteClock "0:00:01"]
[BlackClock "0:00:57"]

1. e4 Nf6 2. e5 Nd5 3. Nc3 Nxc3 4. bxc3 d6 5. f4 g6 6. d4 Bg7 7. Bc4 c5 8. Nf3 cxd4 9. cxd4 Nc6 10. O-O O-O 11. Be3 Na5 12. Be2 Qc7 13. Qe1 Nc4 14. Qc3 d5 15. Nd2 Be6 16. Nxc4 dxc4 17. Bf3 Rfd8 18. Rfb1 Bd5 19. Bxd5 Rxd5 20. Rb4 Rc8 21. a4 e6 22. Rab1 b6 23. Rb5 Qc6 24. Kf2 Rxb5 25. axb5 Qd5 26. Ra1 Rc7 27. Rb1 Bf8 28. h3 Be7 29. Kg3 h5 30. Kh2 h4 31. Kg1 Qe4 32. Kf2 Qb7 33. Bc1 a5 34. Qf3 Qc8 35. c3 Rd7 36. Qe2 Rd5 37. Be3 a4 38. Qa2 a3 39. Bc1 Rd7 40. Ra1 Ra7 41. Qc2 Qd7 42. Rb1 Kg7 43. Be3 Ra5 44. Bc1 Rxb5 45. Ra1 Rb3 46. Ra2 b5 0-1


[Site "https://www.chess.com"]

[Event "Titled Tuesday Blitz March 22 Late 2022"]
[White "Al-Tarboush, Ward"]
[Black "Tsukerman, Julia"]
[WhiteFideId "7601450"]
[BlackFideId "2621649"]
[WhiteElo "2276"]
[BlackElo "2110"]
[Result "1-0"]
[Round "03"]
[TimeControl "180+1"]
[Date "2022.03.22"]
[WhiteClock "0:02:40"]
[BlackClock "0:02:10"]

1. e4 c5 2. Nf3 d6 3. d4 cxd4 4. Nxd4 Nf6 5. Nc3 a6 6. h3 e6 7. g4 h6 8. Bg2 Be7 9. Be3 Nbd7 10. Qd2 Nc5 11. O-O-O b5 12. e5 Nd5 13. Nxd5 exd5 14. Nc6 Qd7 15. Nxe7 Qxe7 16. exd6 1-0


[Site "https://www.chess.com"]

[Event "Titled Tuesday Blitz March 22 Late 2022"]
[White "Andreikin, Dmitry"]
[Black "Beerdsen, Thomas"]
[WhiteFideId "4158814"]
[BlackFideId "1030108"]
[WhiteElo "2736"]
[BlackElo "2585"]
[Result "0-1"]
[Round "03"]
[TimeControl "180+1"]
[Date "2022.03.22"]
[WhiteClock "0:00:52"]
[BlackClock "0:01:12"]

1. d4 d5 2. Nf3 Nc6 3. Bf4 Bg4 4. e3 e6 5. Nbd2 Bd6 6. Bxd6 Qxd6 7. c4 Nf6 8. Be2 O-O 9. O-O Rad8 10. Rc1 e5 11. cxd5 Qxd5 12. dxe5 Nxe5 13. Nxe5 Qxe5 14. Bxg4 Nxg4 15. Qxg4 Rxd2 16. Qg3 Qxg3 17. hxg3 c6 18. Rb1 Rfd8 19. a4 g6 20. b4 Ra2 21. b5 c5 22. b6 a6 23. Rfd1 Rxd1+ 24. Rxd1 c4 25. Rd7 c3 26. Rc7 c2 27. Kh2 Rxa4 28. Rxc2 Rb4 29. f4 Rxb6 30. e4 Rc6 31. Rd2 b5 32. f5 gxf5 33. exf5 Kg7 34. g4 h6 35. Kg3 b4 36. Rd7 Rb6 37. Kh4 b3 38. g5 hxg5+ 39. Kxg5 b2 40. f6+ Kg8 41. Kh6 Rxf6+ 0-1


[Site "https://www.chess.com"]

[Event "Titled Tuesday Blitz March 22 Late 2022"]
[White "Arabidze, Meri"]
[Black "Schuster, Karsten"]
[WhiteFideId "13604040"]
[BlackFideId "4611071"]
[WhiteElo "2335"]
[BlackElo "2367"]
[Result "1/2-1/2"]
[Round "03"]
[TimeControl "180+1"]
[Date "2022.03.22"]
[WhiteClock "0:00:31"]
[BlackClock "0:00:23"]

1. Nf3 d5 2. g3 Nf6 3. Bg2 c6 4. O-O Bg4 5. Ne5 Bh5 6. f4 Nbd7 7. d4 e6 8. c3 Bg6 9. Nd2 Be7 10. Qe1 O-O 11. Nxg6 hxg6 12. e4 dxe4 13. Nxe4 Nxe4 14. Qxe4 Nf6 15. Qf3 Rb8 16. Be3 Nd5 17. Bf2 Qb6 18. c4 Nf6 19. d5 Bc5 20. dxe6 Bxf2+ 21. Rxf2 fxe6 22. Re1 Rbe8 23. Kh1 e5 24. Ref1 e4 25. Qb3 Kh7 26. Re2 e3 27. Qxb6 axb6 28. Rfe1 Ng4 29. Kg1 g5 30. fxg5 Rf2 31. h3 Rxe2 32. Rxe2 Nf2 33. h4 Kg6 34. Bf3 Re5 35. Kg2 Nd3 36. Bg4 Nc1 37. Re1 Nd3 38. Re2 Nc1 39. Re1 Nd3 40. Re2 1/2-1/2


[Site "https://www.chess.com"]

[Event "Titled Tuesday Blitz March 22 Late 2022"]
[White "Aravindh, Chithambaram VR."]
[Black "Papp, Levente"]
[WhiteFideId "5072786"]
[BlackFideId "751243"]
[WhiteElo "2561"]
[BlackElo "2308"]
[Result "1-0"]
[Round "03"]
[TimeControl "180+1"]
[Date "2022.03.22"]
[WhiteClock "0:00:12"]
[BlackClock "0:00:15"]

1. b3 d6 2. Bb2 Nd7 3. d4 Ngf6 4. Nd2 e5 5. e4 exd4 6. Ngf3 g6 7. Bxd4 Bg7 8. Bd3 O-O 9. O-O Nc5 10. h3 Ne6 11. Be3 Nh5 12. Rb1 Nef4 13. Re1 Bd7 14. Bf1 Qc8 15. Nc4 b5 16. Nb2 h6 17. Nd3 Nxh3+ 18. gxh3 Bxh3 19. Bxh3 Qxh3 20. Nh2 Rae8 21. Qg4 Qxg4+ 22. Nxg4 Rxe4 23. f3 Re6 24. Bxh6 Bd4+ 25. Be3 Bc3 26. Bf2 Bxe1 27. Rxe1 Rfe8 28. Rxe6 Rxe6 29. Kf1 a5 30. Ne3 c6 31. c4 f5 32. cxb5 cxb5 33. Nd5 Re8 34. Bd4 Kf7 35. Kf2 Rc8 36. Ne3 a4 37. bxa4 bxa4 38. f4 Rb8 39. Nc4 Ke6 40. Ke3 Rb1 41. Nd2 Rd1 42. Nf3 Ng3 43. Ng5+ Kd5 44. Bg7 Nf1+ 45. Ke2 Rd2+ 46. Kxf1 Rxd3 47. Ke2 Rg3 48. Nh7 Rg2+ 49. Kd3 Rxa2 50. Nf6+ Kc6 51. Ng8 Ra3+ 52. Kd4 Rg3 53. Ne7+ Kd7 54. Nd5 a3 55. Kc4 Ke6 56. Nc7+ Kf7 57. Bd4 Rg4 58. Nb5 Rxf4 59. Nxa3 Ke6 60. Nb5 g5 61. Nc7+ Kf7 62. Nd5 Rf1 63. Kd3 Rf3+ 64. Ke2 g4 65. Be3 Ke6 66. Nf4+ Ke5 67. Nd3+ Ke4 68. Nf2+ Kd5 69. Nd3 Ke6 70. Nf4+ Kf7 71. Nd3 Rh3 72. Nf4 Rh2+ 73. Kd3 g3 74. Bd4 Ra2 75. Ke3 g2 76. Kf3 Ra4 77. Be3 g1=Q 78. Bxg1 Ra3+ 79. Be3 Kf6 80. Nd5+ Ke5 81. Nf4 d5 82. Kf2 d4 83. Bd2 Ke4 84. Ke2 Ra2 85. Nd3 f4 86. Nf2+ Kd5 87. Nd3 f3+ 88. Kd1 Ra1+ 89. Bc1 Kc4 90. Ne5+ Kc3 91. Nxf3 d3 92. Nd2 Ra2 93. Ne4+ Kd4 94. Nd2 Ra6 95. Nf3+ Kc3 96. Bd2+ Kb3 97. Nd4+ Kc4 98. Nf3 Kd5 99. Bc1 Ke4 100. Nd2+ Kd4 101. Nb3+ Kc3 102. Nd2 Re6 103. Nf3 Re2 104. Bd2+ Kc4 105. Bc1 Rf2 106. Nd2+ Kc3 107. Ne4+ Kb3 108. Nxf2 Kc3 109. Ne4+ Kd4 110. Ng3 Kc3 111. Nf1 Kd4 112. Kd2 Kc4 113. Ne3+ Kd4 114. Bb2+ Ke4 115. Bc3 Kf3 116. Kxd3 Kf4 117. Bd4 Kf3 118. Be5 Kf2 119. Ke4 Kg1 120. Kf3 Kh1 121. Nf1 Kg1 122. Ng3 Kh2 123. Bd4 Kh3 124. Bg1 Kh4 125. Ne4 Kh3 126. Ng5+ Kh4 127. Kf4 Kh5 128. Kf5 Kh6 129. Bd4 Kh5 130. Bf2 Kh6 131. Ne6 Kh5 132. Ng7+ Kh6 133. Kf6 Kh7 134. Kf7 Kh6 135. Be3+ Kh7 136. Ne6 Kh8 137. Bh6 Kh7 138. Bf8 Kh8 139. Bg7+ Kh7 140. Nf8# 1-0


[Site "https://www.chess.com"]

[Event "Titled Tuesday Blitz March 22 Late 2022"]
[White "Atzl, Florian"]
[Black "Kokoszczynski, Jan"]
[WhiteFideId "1635891"]
[BlackFideId "1174460"]
[WhiteElo "2085"]
[BlackElo "2163"]
[Result "0-1"]
[Round "03"]
[TimeControl "180+1"]
[Date "2022.03.22"]
[WhiteClock "0:00:18"]
[BlackClock "0:00:45"]

1. e4 e5 2. Nf3 Nc6 3. Bc4 Bc5 4. c3 Nf6 5. d3 d6 6. Bb3 Bb6 7. Nbd2 O-O 8. Qe2 Ne7 9. Nf1 Ng6 10. Be3 c6 11. Ng3 d5 12. Bc2 h6 13. O-O Re8 14. h3 Be6 15. Rfe1 Qd7 16. Qf1 Bxe3 17. fxe3 dxe4 18. dxe4 Qc7 19. Rad1 Qb6 20. b3 Red8 21. Kh2 Rxd1 22. Bxd1 Rd8 23. Bc2 Qa5 24. Bb1 Qxc3 25. Nf5 Bxf5 26. exf5 Ne7 27. e4 a5 28. Qf2 a4 29. bxa4 Qa5 30. Qg3 Nh5 31. Qxe5 Qxe5+ 32. Nxe5 Rd2 33. Rf1 c5 34. Nc4 Rd4 35. e5 Rxc4 36. f6 Nc6 37. Rf5 Nf4 38. fxg7 Ne6 39. Rf3 Kxg7 40. Rg3+ Kf8 41. Bd3 Rxa4 42. Bb5 Rxa2 43. Bc4 Ncd4 44. Bxa2 b5 45. Rd3 c4 46. Rd1 Ke7 47. Bb1 Kd7 48. g4 Kc6 49. Rc1 Kc5 50. Be4 b4 51. h4 c3 52. Kg3 Ne2+ 53. Kf3 Nxc1 54. g5 hxg5 55. h5 b3 56. h6 Nf8 57. e6 fxe6 58. Kg4 Kd4 59. Bb1 c2 60. h7 Nxh7 61. Kh5 cxb1=Q 62. Kh6 g4 63. Kg7 g3 64. Kh6 Ng5 65. Kg7 Ne4 66. Kh8 Nd2 67. Kg7 Nf1 68. Kh6 Ne2 69. Kg7 Ng1 70. Kh8 g2 71. Kg7 e5 72. Kh8 e4 73. Kg7 e3 74. Kh8 e2 75. Kg7 b2 76. Kh8 Ke3 77. Kg7 Kf2 78. Kh8 Kg3 79. Kg7 Kh2 80. Kh8 Kh1 81. Kg7 Nf3 82. Kh6 Ne1 83. Kg5 g1=Q+ 84. Kh4 Nd3 85. Kh5 e1=Q 86. Kh6 Qbd1 87. Kh7 b1=Q 88. Kh8 Qa1+ 89. Kh7 Qaa7+ 90. Kh8 Qb8+ 91. Kh7 Qc7+ 92. Kh8 Qd8+ 93. Kh7 Qde7+ 94. Kh8 Qf8+ 95. Kh7 Qee7# 0-1


[Site "https://www.chess.com"]

[Event "Titled Tuesday Blitz March 22 Late 2022"]
[White "Borodavkin, Anatoly"]
[Black "Papp, Petra"]
[WhiteFideId "14150662"]
[BlackFideId "739049"]
[WhiteElo "1845"]
[BlackElo "2259"]
[Result "1/2-1/2"]
[Round "03"]
[TimeControl "180+1"]
[Date "2022.03.22"]
[WhiteClock "0:00:10"]
[BlackClock "0:00:07"]

1. e4 d5 2. exd5 Qxd5 3. Nf3 Nf6 4. d4 Bg4 5. Be2 e6 6. h3 Bh5 7. O-O Be7 8. c4 Qd8 9. Nc3 Nbd7 10. Bf4 c6 11. Ne5 Bg6 12. Nxg6 hxg6 13. Bf3 Qb6 14. b3 O-O 15. d5 cxd5 16. cxd5 exd5 17. Nxd5 Nxd5 18. Bxd5 Rad8 19. Qf3 Nc5 20. Rac1 Qf6 21. Bc4 b6 22. Rfe1 Bd6 23. Bxd6 Qxf3 24. gxf3 Rxd6 25. Re7 a5 26. Rce1 Rf6 27. Kg2 Kh7 28. Rc7 g5 29. Ree7 Kg6 30. a4 Rf4 31. Rc6+ Rf6 32. Rcc7 Rf4 33. Rc6+ f6 34. Rcc7 Rd8 35. Rxg7+ Kf5 36. Rc6 Nd3 37. Rxb6 Ne1+ 38. Kf1 Nxf3 39. Rf7 Ke5 40. Rb5+ Kd4 41. Rxa5 Nd2+ 42. Kg2 Ne4 43. f3 Nd2 44. Raa7 Nxf3 45. Rad7+ Rxd7 46. Rxd7+ Kc5 47. Rc7+ Kb4 48. Rb7+ Kc3 49. a5 Ne1+ 50. Kg1 Nf3+ 51. Kg2 Ne1+ 52. Kg1 Nf3+ 53. Kg2 1/2-1/2


[Site "https://www.chess.com"]

[Event "Titled Tuesday Blitz March 22 Late 2022"]
[White "Boyer, Mahel"]
[Black "Lazavik, Denis"]
[WhiteFideId "45102422"]
[BlackFideId "13515110"]
[WhiteElo "2328"]
[BlackElo "2437"]
[Result "1-0"]
[Round "03"]
[TimeControl "180+1"]
[Date "2022.03.22"]
[WhiteClock "0:00:07"]
[BlackClock "0:00:01"]

1. e4 e5 2. Nf3 Nc6 3. Bb5 a6 4. Ba4 Nf6 5. d4 exd4 6. O-O Be7 7. e5 Ne4 8. Nxd4 O-O 9. Re1 Nc5 10. Bxc6 dxc6 11. Nc3 f5 12. f4 Ne6 13. Be3 Nxd4 14. Qxd4 Be6 15. Rad1 Qe8 16. Bf2 h6 17. Rd3 Rd8 18. Qa7 Rxd3 19. cxd3 Qb8 20. Qxb8 Rxb8 21. a3 Rd8 22. d4 Kf7 23. Na4 Bd5 24. Be3 b6 25. Rc1 Ke6 26. Kf2 g5 27. Nc3 Rg8 28. g3 a5 29. Nxd5 Kxd5 30. h3 gxf4 31. Bxf4 h5 32. Kf3 c5 33. dxc5 Bxc5 34. b4 axb4 35. axb4 Bxb4 36. Rxc7 b5 37. Rd7+ Kc6 38. e6 Re8 39. Rc7+ Kd5 40. Rb7 Kc6 41. Rc7+ Kb6 42. Rf7 Rxe6 43. Be3+ Kc6 44. Rxf5 Bd6 45. Rxh5 b4 46. Bd4 b3 47. g4 Re1 48. Rh6 Kd5 49. Bh8 Re8 50. Bb2 Rf8+ 51. Ke2 Bc5 52. Rh5+ Kc4 53. Rf5 Re8+ 54. Re5 Ra8 55. Re4+ Kd5 56. Re5+ Kd6 57. Kd3 Ra2 58. Re2 Kd5 59. Re5+ Kd6 60. Re2 Kd5 61. h4 Ra4 62. Re5+ Kd6 63. Re4 Ra2 64. Kc3 Ra8 65. Kxb3 Rf8 66. Kc4 Bf2 67. Bg7 Rf7 68. Be5+ Kc6 69. g5 Rf3 70. g6 1-0


[Site "https://www.chess.com"]

[Event "Titled Tuesday Blitz March 22 Late 2022"]
[White "Brahami, Lamine"]
[Black "Ronka, Erik"]
[WhiteFideId "7905637"]
[BlackFideId "505080"]
[WhiteElo "1909"]
[BlackElo "2264"]
[Result "1-0"]
[Round "03"]
[TimeControl "180+1"]
[Date "2022.03.22"]
[WhiteClock "0:02:16"]
[BlackClock "0:02:53"]

1. d4 d5 2. c4 c6 3. Nc3 Nf6 4. Nf3 e6 5. e3 Nbd7 6. Qc2 Bd6 7. cxd5 exd5 8. Bd3 O-O 9. O-O Re8 10. Rb1 Nf8 11. h3 a5 12. a3 Ne6 13. Bd2 g6 14. Rfe1 Ng7 15. b4 axb4 16. axb4 b5 17. e4 dxe4 18. Nxe4 Nd5 19. Qxc6 1-0


[Site "https://www.chess.com"]

[Event "Titled Tuesday Blitz March 22 Late 2022"]
[White "Broca Jimenez, Fernando"]
[Black "Buchenau, Frank"]
[WhiteFideId "5104742"]
[BlackFideId "4604350"]
[WhiteElo "2062"]
[BlackElo "2193"]
[Result "0-1"]
[Round "03"]
[TimeControl "180+1"]
[Date "2022.03.22"]
[WhiteClock "0:00:13"]
[BlackClock "0:02:03"]

1. e4 e6 2. d4 d5 3. Nc3 Nf6 4. Bg5 dxe4 5. Nxe4 Be7 6. Nxf6+ Bxf6 7. Bxf6 Qxf6 8. Nf3 O-O 9. Bd3 c5 10. O-O cxd4 11. Nxd4 e5 12. Ne2 Nc6 13. Nc3 Be6 14. Ne4 Qe7 15. Re1 f5 16. Nc3 e4 17. Bf1 Rad8 18. Qe2 Nd4 19. Qe3 Nxc2 20. Qxa7 Nxa1 21. Rxa1 Rd2 22. Rb1 Qb4 23. Na4 Qd4 24. Qxd4 Rxd4 25. Nc5 Bxa2 26. Ra1 Bd5 27. b4 0-1


[Site "https://www.chess.com"]

[Event "Titled Tuesday Blitz March 22 Late 2022"]
[White "Bryakin, Mikhail"]
[Black "Karas, Marek"]
[WhiteFideId "4165314"]
[BlackFideId "14928558"]
[WhiteElo "2780"]
[BlackElo "2538"]
[Result "1/2-1/2"]
[Round "03"]
[TimeControl "180+1"]
[Date "2022.03.22"]
[WhiteClock "0:00:22"]
[BlackClock "0:00:25"]

1. e4 e6 2. d4 d5 3. Nd2 c5 4. Ngf3 cxd4 5. exd5 Qxd5 6. Bc4 Qd6 7. Nf1 Nc6 8. Bd2 Nf6 9. Ng3 Be7 10. O-O O-O 11. Re1 b6 12. a3 Bb7 13. Ng5 Kh8 14. N3e4 Nxe4 15. Nxe4 Qd8 16. Qh5 Bf6 17. Bg5 Be7 18. Bxe7 Qxe7 19. Ng5 h6 20. h4 Rac8 21. Bxe6 fxe6 22. Rxe6 Qd7 23. Rae1 Kg8 24. R1e4 Rc7 25. Re8 Rc8 26. R8e6 Rc7 27. Re8 Rc8 28. R8e6 1/2-1/2


[Site "https://www.chess.com"]

[Event "Titled Tuesday Blitz March 22 Late 2022"]
[White "Burke, Paul"]
[Black "Muetsch, Annmarie"]
[WhiteFideId "2605767"]
[BlackFideId "12971367"]
[WhiteElo "1916"]
[BlackElo "2249"]
[Result "0-1"]
[Round "03"]
[TimeControl "180+1"]
[Date "2022.03.22"]
[WhiteClock "0:00:31"]
[BlackClock "0:00:42"]

1. e4 c5 2. d4 cxd4 3. c3 d3 4. Bxd3 Nc6 5. Nf3 g6 6. Bc4 Bg7 7. Bg5 Nf6 8. e5 Ng4 9. Bf4 Bxe5 10. Nxe5 Ngxe5 11. Bxe5 Nxe5 12. Qd4 Qc7 13. f4 Qxc4 14. fxe5 Qxd4 15. cxd4 b6 16. Nc3 Bb7 17. d5 e6 18. O-O-O Bxd5 19. Nxd5 exd5 20. Rxd5 Ke7 21. Rhd1 Rac8+ 22. Kb1 Rc7 23. R1d2 Rhc8 24. a3 Rc1+ 25. Ka2 R8c7 26. Kb3 h5 27. h3 h4 28. Ka2 R1c5 29. R5d4 Rxe5 30. Rxh4 d5 31. Rhd4 Ke6 32. Rf4 f5 33. g4 Re4 34. gxf5+ gxf5 35. Rf3 Ke5 36. Rdf2 f4 37. h4 Rh7 38. Rh3 Re3 39. Rff3 Rxf3 40. Rxf3 Rxh4 0-1


[Site "https://www.chess.com"]

[Event "Titled Tuesday Blitz March 22 Late 2022"]
[White "Cavanah, Troy"]
[Black "Golubev, Mikhail"]
[WhiteFideId "30949670"]
[BlackFideId "14100983"]
[WhiteElo "1878"]
[BlackElo "2374"]
[Result "0-1"]
[Round "03"]
[TimeControl "180+1"]
[Date "2022.03.22"]
[WhiteClock "0:00:01"]
[BlackClock "0:00:10"]

1. e4 c5 2. Nf3 d6 3. d4 Nf6 4. Nc3 cxd4 5. Nxd4 Nc6 6. Bg5 e6 7. Qd2 a6 8. Nxc6 bxc6 9. Bc4 d5 10. exd5 cxd5 11. Bb3 Be7 12. O-O-O O-O 13. Kb1 a5 14. a4 Bd7 15. f3 Rb8 16. Qd3 Qc7 17. Rhe1 Bc6 18. g3 Rfc8 19. Bf4 Bd6 20. Bxd6 Qxd6 21. Ne4 Qe7 22. Nxf6+ Qxf6 23. f4 Bxa4 24. Re5 Bxb3 25. cxb3 Rc6 26. Rde1 g6 27. Qd4 Rcb6 28. R1e3 Qd8 29. Qc3 Qd7 30. Rd3 Qb7 31. Ree3 a4 32. Kc2 axb3+ 33. Kd2 Rc6 34. Qe5 Rc2+ 35. Ke1 Ra8 0-1


[Site "https://www.chess.com"]

[Event "Titled Tuesday Blitz March 22 Late 2022"]
[White "Cervantes Landeiro, Thalia"]
[Black "Boruchovsky, Avital"]
[WhiteFideId "3520498"]
[BlackFideId "2800055"]
[WhiteElo "2527"]
[BlackElo "2741"]
[Result "0-1"]
[Round "03"]
[TimeControl "180+1"]
[Date "2022.03.22"]
[WhiteClock "0:00:10"]
[BlackClock "0:00:31"]

1. d4 d5 2. c4 c6 3. Nf3 Nf6 4. e3 a6 5. Nc3 b5 6. cxd5 cxd5 7. Bd3 Nc6 8. O-O e6 9. e4 dxe4 10. Nxe4 Be7 11. a4 b4 12. Be3 Nd5 13. Qc2 Qb6 14. a5 b3 15. axb6 bxc2 16. Bxc2 Nxb6 17. Ne5 Nb4 18. Bb3 O-O 19. Rfc1 Bb7 20. Nc5 Bd5 21. Bxd5 N6xd5 22. Bd2 Rfc8 23. Ned7 Nc6 24. Be3 a5 25. g3 Rc7 26. Ne5 Nxe5 27. dxe5 Nxe3 28. b4 Nd5 29. Rcb1 Nxb4 30. Rxb4 Bxc5 31. Rb5 g6 0-1


[Site "https://www.chess.com"]

[Event "Titled Tuesday Blitz March 22 Late 2022"]
[White "Chigaev, Maksim"]
[Black "Iskusnyh, Sergei"]
[WhiteFideId "4108116"]
[BlackFideId "4120027"]
[WhiteElo "2502"]
[BlackElo "2492"]
[Result "1-0"]
[Round "03"]
[TimeControl "180+1"]
[Date "2022.03.22"]
[WhiteClock "0:00:49"]
[BlackClock "0:00:02"]

1. d4 d5 2. c4 c6 3. Nf3 Nf6 4. g3 Bf5 5. Nc3 e6 6. Qb3 Qc8 7. Bg2 Nbd7 8. Nh4 Bg6 9. O-O Be7 10. Nxg6 hxg6 11. e4 dxe4 12. Nxe4 Nxe4 13. Bxe4 Nf6 14. Bf3 O-O 15. Re1 Rd8 16. Be3 Qc7 17. Kg2 Qb6 18. Qc2 Rac8 19. Rad1 Qa6 20. b3 b5 21. h4 bxc4 22. bxc4 Qa5 23. Re2 Nd7 24. Rh1 Nf6 25. Ree1 c5 26. d5 exd5 27. Bg5 Re8 28. h5 Ne4 29. Bxe7 Rxe7 30. cxd5 f5 31. d6 Re5 32. Qc4+ 1-0


[Site "https://www.chess.com"]

[Event "Titled Tuesday Blitz March 22 Late 2022"]
[White "Costachi, Mihnea"]
[Black "Artemiev, Vladislav"]
[WhiteFideId "1217518"]
[BlackFideId "24101605"]
[WhiteElo "2464"]
[BlackElo "2811"]
[Result "1-0"]
[Round "03"]
[TimeControl "180+1"]
[Date "2022.03.22"]
[WhiteClock "0:00:06"]
[BlackClock "0:00:02"]

1. d4 d5 2. c4 e6 3. Nc3 h6 4. Nf3 Nf6 5. cxd5 exd5 6. Qc2 Bd6 7. Nb5 Bb4+ 8. Bd2 Bxd2+ 9. Nxd2 c6 10. Nc3 O-O 11. e3 Re8 12. Bd3 c5 13. O-O cxd4 14. exd4 Nc6 15. Nb3 Qb6 16. Qd2 a5 17. Na4 Qd8 18. Rfe1 Be6 19. Rac1 Ne4 20. Bxe4 dxe4 21. Rxe4 Nb4 22. Nac5 Bd5 23. Rxe8+ Qxe8 24. a3 Nc6 25. Re1 Qc8 26. Qe3 b6 27. Ne4 Qd7 28. Nbd2 Rd8 29. Nf3 Kf8 30. Ne5 Qe6 31. Nxc6 Qxc6 32. f3 Re8 33. Qf4 g5 34. Qf5 Qe6 35. Qh7 Ke7 36. Kf2 Kd8 37. Re2 Bc4 38. Rc2 Qd5 39. Qg7 a4 40. Qf6+ Kd7 41. Qxb6 Ke7 42. Nf6 Qf5 43. Rxc4 Rd8 44. Ne4 Rd5 45. Qc7+ Kf8 46. Qb8+ Kg7 47. Rc8 Qe6 48. Rg8+ Kh7 49. Rh8+ Kg6 50. Qg8+ Kh5 51. g4+ 1-0


[Site "https://www.chess.com"]